 Dungeon Crawl Stone Soup version 0.19.5 (webtiles) character file.

262 tidbits the Gusty (level 5, -1/31 HPs)
             Began as a High Elf Air Elementalist on July 13, 2017.
             Slain by Blork the orc
             ... wielding a +0 battleaxe
              (8 damage)
             ... on level 5 of the Dungeon.
             The game lasted 00:14:54 (1397 turns).

tidbits the Gusty (High Elf Air Elementalist)       Turns: 1397, Time: 00:14:55

Health: -1/31      AC:  6    Str:  8    XL:     5   Next: 97%
Magic:  11/12      EV: 13    Int: 18    God:
Gold:   121        SH:  0    Dex: 16    Spells: 4 memorised, 4 levels left

rFire  . . .     SeeInvis .     a - +0 dagger
rCold  . . .     Gourm    .     j - +0 robe
rNeg   . . .     Faith    .     (no shield)
rPois  .         Spirit   .     E - +2 helmet
rElec  .         Reflect  .     (no cloak)
rCorr  .         Harm     .     (no gloves)
MR     .....                    F - +0 pair of boots
Stlth  ++........               (no amulet)
                                (no ring)
                                (no ring)

@: exhausted, flying, slowed, very slow
A: no striking features
a: no special abilities


You were on level 5 of the Dungeon.
You were not hungry.

You visited 1 branch of the dungeon, and saw 5 of its levels.

You collected 121 gold pieces.

Inventory:

Hand Weapons
 a - a +0 dagger (weapon)
   (You took it off a goblin on level 2 of the Dungeon)
Missiles
 e - 60 stones (quivered)
 p - 23 arrows
Armour
 j - a +0 robe (worn)
 n - a +0 ring mail
   (You found it on level 2 of the Dungeon)
 E - a +2 helmet (worn)
   (You found it on level 3 of the Dungeon)
 F - a +0 pair of boots (worn)
   (You found it on level 3 of the Dungeon)
Scrolls
 d - a scroll of fog {unknown}
 f - a scroll of recharging {unknown}
 g - a scroll of immolation {unknown}
 i - a scroll of identify
 k - a scroll of magic mapping {unknown}
 m - a scroll of noise {unknown}
 o - a scroll of fear {unknown}
 w - a scroll of teleportation {unknown}
Potions
 t - a potion of degeneration
 v - a potion of lignification {unknown}
Books
 b - a book of Air

   Spells                             Type                      Level
   a - Shock                          Conjuration/Air              1
   b - Swiftness                      Charms/Air                   2
   c - Repel Missiles                 Charms/Air                   2
   d - Static Discharge               Conjuration/Air              3
   e - Lightning Bolt                 Conjuration/Air              5
Comestibles
 c - 2 bread rations
 h - 5 meat rations
 l - a slice of pizza
 q - 3 chunks of flesh


   Skills:
 - Level 2.1 Dodging
 - Level 2.1 Stealth
 + Level 4.2 Spellcasting
 + Level 3.8 Conjurations
 + Level 5.7 Air Magic


You had 4 spell levels left.
You knew the following spells:

 Your Spells              Type           Power        Failure   Level  Hunger
d - Static Discharge      Conj/Air       ###.....     10%         3    ###....
m - Repel Missiles        Chrm/Air       ##....       10%         2    ##.....
z - Shock                 Conj/Air       ###.         1%          1    None
W - Swiftness             Chrm/Air       ##......     10%         2    ##.....


Dungeon Overview and Level Annotations

Branches:
Dungeon (5/15)
 Temple: D:4-7

Altars:
Cheibriados
Elyvilon

Annotations:
D:5 Blork the orc


Message History

Press: ? - help, Shift-Dir - straight line The zap misses the orc priest.
The zap hits the orc priest.
The orc priest is severely wounded.
The orc priest barely misses you.
Casting: Shock
Confirm with . or Enter, or press ? or * to list all spells.
Aiming: Shock
Press: ? - help, Shift-Dir - straight line The zap hits the orc priest.
You kill the orc priest!
Your Spellcasting skill increases to level 4!
You see here a club.
Okay, then.
There is a stone staircase leading down here.
You climb downwards.
Found a scroll labeled VUETZATIOPA.
There is a stone staircase leading up here.
A giant cockroach comes into view.
Found 11 gold pieces.
There is a stone staircase leading up here.
Casting: Shock
Confirm with . or Enter, or press ? or * to list all spells.
Aiming: Shock
Press: ? - help, Shift-Dir - straight line The zap hits the giant cockroach.
You kill the giant cockroach!
There is a stone staircase leading up here.
You see here a giant cockroach corpse.
w - a scroll labeled VUETZATIOPA You now have 121 gold pieces (gained 11).
You open the door.
Blork the orc comes into view.
He is wielding a battleaxe.
Found 14 sling bullets, a ring mail and a mace.
Okay, then.
Press: ? - help, v - describe, . - travel
Here: Blork the orc, wielding a battleaxe and wearing a robe The floor.
As you close the door, it creaks loudly!
It was a potion of berserk rage.
A red film seems to cover your vision as you go berserk!
You feel yourself moving faster!
You feel mighty!
The door flies open with a bang!
You feel a strong urge to attack something.
You hear a bark!
A hound comes into view.
The hound barks!
Blork the orc hits you with a battleaxe!!
There is an open door, spattered with blood here.
Unknown command.
You hit Blork the orc.
Blork the orc is lightly wounded.
You completely miss Blork the orc.
Blork the orc is lightly wounded.
Blork the orc closely misses you.
You closely miss Blork the orc.
Blork the orc is lightly wounded.
You puncture Blork the orc!
Blork the orc is heavily wounded.
Blork the orc drinks a potion.
Blork the orc flickers and vanishes!
Deactivating autopickup; reactivate with Ctrl-A.
Unknown command.
You hit something.
You hear some strange, mumbled words.
A puff of frost appears from out of thin air!
The puff of frost hits you!
* * * LOW HITPOINT WARNING * * *
You hit the hound.
The hound is heavily wounded.
The hound closely misses you.
You closely miss the hound.
The hound is heavily wounded.
The hound bites you.
* * * LOW HITPOINT WARNING * * *
You hear some strange, mumbled words.
A puff of frost appears from out of thin air!
The puff of frost misses you.
You hit the hound.
The hound is almost dead.
The hound completely misses you. Something hits you but does no damage.
You puncture the hound!
You kill the hound!
You are no longer berserk.
You are exhausted.
You feel yourself slow down.
Unknown command.
Okay, then.
As you read the scroll labeled DUPLELYZOASCH, it crumbles to dust.
It is a scroll of identify.
t - a potion of degeneration Something barely misses you.
Okay, then.
It was a potion of flight.
You feel very buoyant.
You fly up into the air.
You hear some strange, mumbled words. x2
A puff of frost appears from out of thin air!
The puff of frost hits you!
* * * LOW HITPOINT WARNING * * *
You feel better. Something hits you!
You die...

#. ##.## #.....
..... #+## ....
#..)# #.## #.[...
#..## #......
##...####.....(.
###.......@{......
#......####.......
#......# #......
#.....## #.....
##.#.## #...#
#.### #+## #.# #.#
#.# #.#########
#.# ##.........#


There were no monsters in sight!

Vanquished Creatures
  An orc priest (D:4)
  A hound (D:5)
  An orc wizard (D:4)
  Jessica (D:3)
  3 gnolls (D:3)
  3 adders (D:2)
  3 oozes
  3 worms (D:3)
  3 dart slugs
  2 leopard geckos
  7 orcs
  2 bats
  4 giant cockroaches
  4 goblins
  5 hobgoblins
  7 jackals (D:2)
  4 kobolds
  A quokka (D:3)
  4 frilled lizards
  2 rats
61 creatures vanquished.

Vanquished Creatures (others)
  5 toadstools (D:1)
5 creatures vanquished.

Grand Total: 66 creatures vanquished

Notes
Turn   | Place    | Note
-------+----------+-------------------------------------------
     0 | D:1      | tidbits the High Elf Air Elementalist began the quest for the Orb.
     0 | D:1      | Reached XP level 1. HP: 11/11 MP: 4/4
   104 | D:2      | Reached XP level 2. HP: 17/17 MP: 2/6
   125 | D:2      | Reached skill level 4 in Air Magic
   321 | D:3      | Reached XP level 3. HP: 21/21 MP: 5/8
   324 | D:3      | Reached skill level 2 in Conjurations
   346 | D:2      | Learned a level 2 spell: Repel Missiles
   349 | D:2      | Learned a level 2 spell: Swiftness
   351 | D:2      | Found a white marble altar of Elyvilon.
   395 | D:1      | Reached skill level 3 in Spellcasting
   401 | D:1      | Learned a level 3 spell: Static Discharge
   647 | D:2      | Reached XP level 4. HP: 12/27 MP: 0/9
   881 | D:3      | Reached skill level 3 in Conjurations
   898 | D:3      | Reached skill level 5 in Air Magic
  1108 | D:3      | Found a faded altar of an unknown god.
  1124 | D:3      | Reached XP level 5. HP: 31/31 MP: 8/11
  1210 | D:3      | Found a snail-covered altar of Cheibriados.
  1236 | D:3      | Noticed Jessica
  1238 | D:3      | Killed Jessica
  1332 | D:4      | Reached skill level 4 in Spellcasting
  1340 | D:5      | Entered Level 5 of the Dungeon
  1381 | D:5      | Noticed Blork the orc
  1396 | D:5      | HP: 2/31 [something/puff of frost (8)]
  1397 | D:5      | Slain by Blork the orc

Skill      XL: |  1  2  3  4  5 |
---------------+----------------+-----
Air Magic      | 4 5 |  5.7
Conjurations   | 2 3 |  3.8
Spellcasting   | 3 4 |  4.2
Dodging        | |  2.1
Stealth        | |  2.1

Action                   |  1- 3 |  4- 6 || total
-------------------------+-------+-------++-------
Melee: Dagger            |       |    17 ||    17
 Cast: Shock             |    47 |    60 ||   107
       Static Discharge  |     1 |       ||     1
  Use: Potion            |     1 |     3 ||     4
       Scroll            |       |     1 ||     1
  Eat: Chunk             |       |     1 ||     1
Armor: Robe              |     6 |    13 ||    19
Dodge: Dodged            |    18 |    27 ||    45

Table legend:
 A = Turns spent in this place as a percentage of turns spent in the entire game.
 B = Non-inter-level travel turns spent in this place as a percentage of non-inter-level travel turns spent in the entire game.
 C = Inter-level travel turns spent in this place as a percentage of turns spent in this place.
 D = Turns resting spent in this place as a percentage of non-inter-level travel turns spent in this place.
 E = Turns spent auto-exploring this place as a percentage of non-inter-level travel turns spent in this place.
 F = Non-inter-level travel turns spent in this place divided by the number of levels of this place that you've seen.
                   A       B       C       D       E      F
               +-------+-------+-------+-------+-------+----------------------
         Total | 100.0 | 100.0 |   0.3 |   0.0 |   0.0 | 245.4
       Dungeon | 100.0 | 100.0 |   0.3 |   0.0 |   0.0 | 245.4
               +-------+-------+-------+-------+-------+----------------------

Table legend:
 A = Kills in this place as a percentage of kills in entire the game.
 B = Kills by you in this place as a percentage of kills by you in the entire game.
 C = Kills by friends in this place as a percentage of kills by friends in the entire game.
 D = Other kills in this place as a percentage of other kills in the entire game.
 E = Experience gained in this place as a percentage of experience gained in the entire game.
 F = Experience gained in this place divided by the number of levels of this place that you have seen.
                   A       B       C       D       E      F
               +-------+-------+-------+-------+-------+----------------------
         Total | 100.0 | 100.0 |  -nan |  -nan | 100.0 |  75.0
       Dungeon | 100.0 | 100.0 |  -nan |  -nan | 100.0 |  75.0
               +-------+-------+-------+-------+-------+----------------------

Vault maps used:
D:1:      ldierk_walled_garden, minmay_misc_feat_encased
D:2:      elyvilon_altar_5
D:3:      kennysheep_slug_shrine, first_bread, ecumenical_altar_1, uniq_jessica
D:4:      nemelex_xobeh_ov_fountains_minmay
D:5:      uniq_edmund, uniq_blork_the_orc, uniq_prince_ribbit1
